Map: King's Cove LE

Players

TiPtOP - Winner!

  • Race: Terran Terran
  • League: Silver
  • Spawn Location: 5:00

UNSTOPPABLE

  • Race: Zerg Zerg
  • League: Gold
  • Spawn Location: 11:00

VOD

Have the link to the VOD?

Description

Time

  • Played on: Aug. 18, 2019, 2:10 a.m.
  • Length: 29:15
Show
View Real Time Build Order
Export as new Build Order

TiPtOP Terran - Winner!

Build Orders: 2 Factory, Mech 

Get SALT Encoding   

  12  0:01  SCV  
  13  0:13  SCV  
  14  0:19  Supply Depot  
  14  0:25  SCV  
  15  0:41  SCV  
  16  0:46  Barracks  
  16  0:52  Refinery  
  16  0:53  SCV  
  17  1:09  SCV  
  18  1:22  SCV  
  19  1:35  Command Center  
  19  1:44  Orbital Command  
  19  1:47  Marine  
  20  1:59  Factory  
  20  2:13  SCV  
  21  2:18  Barracks Tech Lab  
  21  2:25  SCV  
  22  2:30  Refinery  
  22  2:36  Supply Depot  
  22  2:49  Supply Depot  
  22  2:58  Factory  
  22  3:14  Orbital Command, Supply Depot  
  22  3:19  SCV  
  23  3:31  SCV  
  24  3:41  Command Center  
  24  3:43  SCV  
  24  3:45  Siege Tank  
  28  3:57  Factory Reactor  
  28  4:02  Factory  
  28  4:16  Supply Depot  
  27  4:36  Siege Tank  
  32  4:38  Hellion  
  32  4:39  Hellion  
  34  4:47  Engineering Bay  
  34  4:48  Supply Depot  
  34  4:51  Armory  
  34  4:53  SCV x2  
  36  5:03  Factory Tech Lab  
  36  5:20  Refinery  
  36  5:31  Orbital Command  
  36  5:35  Siege Tank x2  
  42  5:40  Hellion x2  
  46  5:47  Missile Turret  
  46  5:50  SCV  
  46  5:52  Terran Vehicle Weapons Level 1  
  47  5:57  SCV  
  47  6:02  SCV  
  49  6:07  SCV  
  49  6:09  SCV  
  51  6:14  SCV  
  52  6:19  SCV  
  53  6:26  SCV  
  53  6:27  Supply Depot  
  53  6:31  SCV  
  53  6:32  SCV  
  56  6:37  Hellion  
  56  6:38  SCV  
  59  6:43  SCV  
  60  6:47  SCV  
  60  6:51  Supply Depot  
  61  6:55  SCV  
  61  6:59  SCV  
  63  7:07  SCV  
  64  7:10  Factory  
  64  7:12  SCV  
  64  7:14  Supply Depot  
  64  7:15  Missile Turret  
  65  7:16  Command Center  
  65  7:22  Missile Turret  
  65  7:27  SCV x2  
  65  7:28  SCV  
  68  7:36  Hellion x2, Thor  
  68  7:37  Hellion, Supply Depot  
  80  7:39  SCV  
  81  7:45  Supply Depot  
  81  7:48  Supply Depot  
  81  7:51  SCV  
  81  7:53  SCV  
  81  7:57  Thor  
  89  7:59  SCV  
  89  8:01  Supply Depot  
  89  8:03  SCV  
  89  8:05  SCV, Factory Tech Lab  
  92  8:08  Hellion  
  92  8:11  SCV  
  95  8:13  Supply Depot  
  95  8:15  SCV  
  95  8:17  SCV  
  95  8:19  Thor  
  103  8:23  SCV  
  104  8:30  Missile Turret  
  104  8:35  SCV  
  104  8:37  Siege Tank, Refinery  
  104  8:39  Hellion x2, Refinery  
  104  8:40  Siege Tank  
  115  8:47  SCV  
  116  8:59  SCV  
  116  9:02  Thor  
  123  9:11  Thor, SCV  
  123  9:12  Hellion, Thor, Hellbat  
  123  9:15  Orbital Command  
  140  9:22  Supply Depot  
  140  9:23  SCV  
  141  9:25  Terran Vehicle And Ship Armor Level 1  
  141  9:34  Hellion x2  
  145  9:39  Refinery  
  145  9:40  Armory  
  145  9:44  Supply Depot  
  145  9:54  Thor x2  
  145  9:56  Hellion x3  
  163  10:03  Orbital Command  
  163  10:06  Supply Depot  
  163  10:17  Hellion x2  
  163  10:19  Thor  
  173  10:28  Refinery  
  173  10:30  Refinery  
  173  10:38  Hellion x3  
  173  10:39  Hellion  
  179  10:59  Hellion x2  
  179  11:00  Hellion x2  
  153  11:17  Thor  
  145  11:20  Thor x2  
  145  11:21  Hellion x2  
  137  11:42  Hellion  
  137  11:43  Hellion  
  141  11:47  Command Center  
  141  11:49  SCV x4  
  141  11:51  Terran Vehicle And Ship Armor Level 2  
  145  12:00  Thor  
  145  12:01  SCV x2  
  152  12:03  Hellion x2  
  152  12:04  Hellion  
  159  12:13  SCV  
  160  12:26  SCV  
  159  12:30  Thor  
  159  12:31  Thor  
  159  12:32  Hellion, Hellbat  
  175  12:53  Hellbat x2  
  179  12:59  Thor  
  179  13:03  Supply Depot  
  179  13:04  Command Center  
  179  13:05  Supply Depot  
  185  13:06  Refinery  
  185  13:09  Refinery  
  185  13:13  Thor, Supply Depot  
  185  13:14  Hellion x2, Supply Depot  
  185  13:16  Supply Depot  
  195  13:21  Supply Depot  
  195  13:25  Hellion  
  181  13:42  Thor  
  104  14:12  Thor x2  
  104  14:13  Hellion x2  
  98  14:24  Thor  
  98  14:34  Hellion x2  
  93  14:51  SCV, Supply Depot  
  93  14:52  Supply Depot x2  
  94  14:54  Thor  
  94  14:55  Hellion  
  94  14:56  Hellion x2  
  106  15:03  SCV  
  107  15:08  Hellion  
  109  15:15  SCV  
  109  15:17  Hellion x3  
  116  15:27  SCV  
  117  15:29  Thor  
  123  15:37  Thor x2  
  123  15:38  Hellion  
  123  15:39  Hellion, SCV  
  140  15:56  Command Center  
  134  16:00  Hellion x2  
  112  16:05  Infernal Pre-Igniter  
  112  16:07  Smart Servos  
  112  16:10  Terran Vehicle And Ship Armor Level 3  
  104  16:11  Thor  
  97  16:21  Hellion x4  
  104  16:42  Hellion, Thor  
  104  16:43  Hellion x2  
  116  16:54  Thor  
  122  17:03  Thor  
  122  17:04  Hellion, SCV  
  131  17:10  Hellion  
  133  17:16  SCV  
  134  17:24  Thor  
  134  17:25  Hellion  
  134  17:28  SCV  
  143  17:31  Hellion  
  145  17:37  Thor  
  145  17:40  SCV  
  146  17:46  Thor  
  114  17:53  Hellbat x2  
  88  18:00  Planetary Fortress  
  88  18:07  Thor  
  94  18:14  Hellbat  
  94  18:15  Hellbat  
  98  18:20  Hellion  
  100  18:29  Hellion  
  102  18:36  Hellion x2  
  100  18:42  Hellion  
  82  18:50  Thor x2  
  76  18:57  Hellbat x2  
  79  19:03  Hellbat  
  81  19:19  Hellbat x2  
  85  19:25  Hellbat  
  87  19:33  Hellbat x2  
  91  19:40  Command Center, Hellbat  
  93  19:46  Siege Tank  
  96  19:54  Siege Tank  
  96  19:55  Siege Tank  
  102  20:21  SCV x2  
  104  20:31  Missile Turret  
  104  20:33  SCV  
  104  20:34  SCV  
  106  20:38  Sensor Tower  
  99  20:45  SCV  
  99  20:46  SCV  
  75  20:58  SCV x2  
  71  21:05  Hellbat x3  
  77  21:26  SCV  
  78  21:38  SCV  
  79  21:44  Orbital Command  
  79  21:49  Hellbat  
  79  21:50  SCV, Hellbat x2  
  86  22:02  SCV  
  87  22:13  Siege Tank x2  
  95  22:16  Hellion x2  
  97  22:32  Factory  
  97  22:33  Factory  
  97  22:35  Factory  
  97  22:52  Supply Depot  
  97  23:02  SCV  
  98  23:14  SCV  
  98  23:15  Supply Depot  
  99  23:22  Orbital Command  
  99  23:26  SCV  
  100  23:30  Thor x2  
  100  23:32  Hellbat  
  114  23:34  Factory Tech Lab  
  114  23:35  Factory Reactor  
  114  23:38  Supply Depot  
  114  23:42  Thor x2  
  114  23:57  Terran Vehicle Weapons Level 2  
  114  24:19  Thor x3  
  114  24:20  Hellion  
  114  24:21  Hellion  
  136  24:44  Hellbat x2  
  139  25:02  Thor x2, Hellbat  
  94  25:42  Hellbat x2  
  88  25:43  Hellbat  
  88  25:44  Thor  
  88  25:45  Thor  
  100  26:03  Refinery  
  100  26:04  Siege Tank  
  103  26:17  Factory Reactor  
  103  26:21  Thor  
  109  26:26  Orbital Command  
  109  26:27  Siege Tank  
  110  27:53  Orbital Command  
  110  27:54  Missile Turret  
  110  27:55  Refinery x2  
  89  28:12  Hellion, Hellbat x6  
  99  28:13  Hellbat x3  
  99  28:15  Missile Turret  
  71  28:33  Hellbat x4  
  71  28:34  Hellion x13, Hellbat x2  
Show
View Real Time Build Order
Export as new Build Order

UNSTOPPABLE Zerg 

Build Orders: Hatch First, Roach Hydra 

Get SALT Encoding   

  12  0:07  Drone  
  12  0:08  Drone  
  14  0:17  Overlord  
  14  0:36  Drone  
  14  0:37  Drone  
  14  0:40  Drone  
  17  0:58  Drone  
  17  1:00  Hatchery  
  17  1:03  Drone  
  18  1:08  Extractor  
  17  1:20  Spawning Pool  
  17  1:21  Drone  
  17  1:25  Drone  
  18  1:35  Drone  
  19  1:45  Drone  
  20  1:58  Drone  
  21  2:06  Drone  
  22  2:11  Queen  
  22  2:15  Hatchery  
  23  2:20  Overlord  
  23  2:27  Drone x2  
  25  2:33  Queen  
  27  2:41  Drone x2  
  29  2:48  Extractor  
  28  2:52  Zergling x2  
  28  2:54  Drone x2  
  31  3:04  Queen  
  31  3:05  Drone  
  34  3:14  Roach Warren  
  34  3:15  Drone  
  34  3:23  Drone x2  
  34  3:25  Overlord  
  36  3:30  Overlord  
  36  3:40  Evolution Chamber  
  35  3:47  Drone x2  
  37  3:55  Queen  
  37  3:56  Evolution Chamber, Drone x3  
  41  4:03  Drone x2  
  41  4:07  Drone  
  41  4:08  Drone  
  45  4:12  Overlord  
  45  4:21  Roach x2  
  49  4:25  Overlord  
  49  4:28  Overlord  
  49  4:31  Drone x3  
  51  4:36  Drone x2  
  54  4:39  Drone  
  54  4:42  Queen  
  57  4:50  Drone x3  
  60  4:55  Drone x3  
  63  5:04  Drone x3  
  66  5:08  Extractor  
  66  5:09  Extractor  
  66  5:10  Queen  
  66  5:15  Lair  
  66  5:18  Queen  
  68  5:24  Zerg Missile Weapons Level 1  
  68  5:25  Zerg Ground Armor Level 1  
  68  5:29  Drone, Metabolic Boost  
  68  5:32  Drone x3  
  68  5:33  Drone x2  
  74  5:38  Extractor  
  74  5:41  Drone x2, Extractor  
  74  5:43  Overlord x3  
  74  6:03  Drone x2  
  76  6:10  Drone  
  76  6:11  Drone x4  
  81  6:18  Roach x5  
  91  6:26  Zergling x2, Hydralisk Den  
  91  6:27  Roach x2  
  91  6:30  Roach  
  97  6:35  Overseer  
  97  6:37  Overlord x2, Zergling x2  
  98  6:41  Overlord  
  98  6:45  Glial Reconstitution  
  98  6:53  Queen, Spore Crawler x2  
  98  6:55  Hydralisk x2, Queen  
  98  6:56  Hydralisk x2  
  108  7:01  Drone, Hydralisk x4  
  117  7:15  Drone x3  
  120  7:16  Drone x2  
  120  7:20  Overlord x5  
  122  7:39  Spore Crawler  
  122  7:40  Zerg Missile Weapons Level 2  
  122  7:42  Zerg Ground Armor Level 2  
  122  7:43  Hydralisk  
  122  7:44  Hydralisk  
  121  7:48  Hydralisk x5  
  121  7:50  Roach  
  137  7:56  Pneumatized Carapace  
  138  7:58  Drone  
  138  8:12  Roach x3  
  146  8:13  Roach x4  
  146  8:18  Ravager x7  
  146  8:19  Ravager x3  
  162  8:22  Overlord  
  162  8:23  Overlord x2  
  162  8:35  Grooved Spines  
  162  8:36  Infestation Pit  
  162  8:40  Queen  
  163  8:43  Roach x5  
  163  8:44  Roach x3  
  179  8:49  Overseer x3  
  179  8:53  Overseer x2  
  179  9:13  Ravager x2  
  179  9:14  Ravager x2  
  183  9:17  Hatchery  
  183  9:18  Overlord x4  
  183  9:21  Overlord x2  
  183  9:22  Overlord  
  182  9:35  Hive  
  182  9:43  Spore Crawler  
  181  9:46  Muscular Augments  
  181  9:48  Spore Crawler  
  181  9:49  Overlord  
  181  9:51  Roach  
  181  9:52  Roach x4  
  190  9:57  Tunneling Claws  
  190  10:22  Ravager x2  
  190  10:23  Ravager x8  
  200  10:47  Zerg Ground Armor Level 3  
  200  10:51  Zerg Missile Weapons Level 3  
  88  11:33  Hydralisk  
  88  11:34  Hydralisk x9  
  88  11:37  Hydralisk x4  
  88  11:38  Hydralisk  
  88  11:39  Roach  
  113  11:40  Roach  
  113  11:41  Zergling x8  
  113  11:42  Zergling x16  
  127  11:51  Extractor  
  127  11:52  Extractor  
  125  11:54  Adrenal Glands  
  125  11:58  Roach x3  
  131  12:10  Roach x3  
  131  12:12  Roach  
  131  12:13  Roach x2  
  143  12:20  Roach x5  
  143  12:21  Roach x5  
  163  12:41  Roach x2  
  163  12:42  Roach x7  
  163  12:43  Roach x3  
  187  12:46  Ravager x3  
  190  13:04  Ravager x3  
  190  13:05  Ravager x3  
  196  13:30  Ravager x2  
  196  13:31  Ravager x2  
  108  14:37  Roach x6  
  108  14:38  Roach x9  
  120  14:39  Roach  
  120  14:42  Roach x4  
  120  14:43  Roach x9  
  120  14:44  Roach x6  
  149  14:47  Roach x5  
  149  14:48  Roach x8  
  175  15:11  Ravager x2  
  175  15:12  Ravager x9  
  175  15:13  Ravager x5  
  175  15:14  Ravager  
  192  15:17  Ravager  
  193  15:23  Ravager  
  193  15:24  Ravager  
  195  15:37  Ravager x3  
  198  15:43  Ravager  
  116  16:53  Hydralisk x2  
  81  16:54  Hydralisk x6  
  81  16:55  Hydralisk x8  
  81  16:58  Hydralisk x5  
  81  16:59  Hydralisk x8  
  81  17:00  Hydralisk x2  
  141  17:22  Hydralisk  
  141  17:23  Hydralisk x3  
  141  17:29  Roach x7  
  167  17:30  Roach x7  
  167  17:32  Roach  
  153  18:08  Hydralisk x3  
  159  18:16  Hydralisk x4  
  159  18:17  Hydralisk x3  
  173  18:29  Hydralisk  
  173  18:30  Hydralisk x3  
  173  18:31  Hydralisk  
  125  19:12  Overlord x3  
  125  19:16  Overseer  
  107  19:20  Hydralisk x6  
  107  19:21  Hydralisk x6  
  129  19:38  Hydralisk x2  
  129  19:42  Hydralisk x3  
  139  19:59  Hydralisk x2, Viper  
  146  20:14  Zerg Melee Weapons Level 1  
  91  21:09  Zergling x4  
  91  21:10  Zergling x2  
  82  21:12  Roach  
  82  21:13  Zergling x12  
  82  21:14  Zergling x14  
  82  21:18  Zergling x2, Roach x5  
  105  21:19  Zergling x14  
  105  21:20  Roach x4  
  105  21:23  Zergling x2  
  105  21:24  Zergling x2  
  125  21:41  Extractor  
  124  21:47  Roach x3, Extractor  
  124  21:48  Roach  
  124  21:50  Hydralisk x2  
  139  22:08  Roach x3  
  139  22:13  Zergling x2, Roach  
  139  22:15  Zerg Melee Weapons Level 2  
  144  22:17  Zergling x4  
  144  22:18  Zergling x4  
  148  22:37  Zergling x4  
  148  22:40  Zergling x2  
  148  22:41  Zergling x12  
  157  22:46  Zergling x8  
  157  22:48  Zergling x2  
  162  22:52  Roach  
  164  23:01  Roach x2  
  168  23:06  Roach x2  
  168  23:09  Roach  
  174  23:14  Roach x2  
  174  23:18  Roach  
  180  23:20  Roach  
  180  23:23  Roach  
  184  23:27  Roach  
  184  23:31  Roach  
  188  23:35  Zergling x4  
  188  23:36  Zergling x2  
  188  23:39  Zergling x2  
  188  23:40  Zergling x2  
  193  23:43  Zergling x2  
  193  23:45  Zergling x2  
  193  23:47  Zergling x2  
  196  23:51  Roach  
  198  23:58  Zergling x2  
  198  23:59  Zergling x2  
  200  24:46  Zerg Melee Weapons Level 3  
  71  25:46  Zergling x6  
  71  25:49  Zergling x12  
  73  25:50  Zergling x10  
  73  25:53  Zergling x8  
  73  25:54  Zergling x14  
  73  25:55  Zergling x12  
  73  25:56  Zergling x4  
  96  25:59  Zergling x8  
  96  26:00  Zergling x16  
  96  26:01  Zergling x2  
  96  26:03  Zergling x2  
  110  26:07  Zergling x2  
  110  26:09  Zergling x2  
  112  26:16  Zergling x2  
  112  26:17  Zergling x2  
  114  26:20  Zergling x2  
  115  26:46  Hydralisk  
  115  26:47  Hydralisk  
  115  26:51  Zergling x2  
  115  26:52  Hydralisk  
  122  26:54  Zergling x2  
  122  26:57  Zergling x2  
  124  27:03  Zergling x4  
  126  27:11  Zergling x2  
  126  27:12  Zergling x2  
  126  27:14  Zergling x2  
  129  27:26  Zergling x4  
  129  27:27  Zergling x4  
  133  27:35  Zergling x6  
  136  27:42  Zergling x4  
  138  27:46  Zergling x2  
  75  28:28  Zergling x8  
  75  28:29  Zergling x10  
  75  28:32  Zergling x6  
  87  28:35  Zergling x4  
Tags
 
Add a new tag
Caveats
  • Supply blocks, unpowered buildings, or Contaminate may cause inaccurate times.
  • Supply counts are checked every 10 seconds.